 Dungeon Crawl Stone Soup version 0.14-a0-1969-g2c76abe (webtiles) character file.

278 Kae the Sneak (level 4, -2/21 HPs)
             Began as a Spriggan Enchanter on Jan 17, 2014.
             Was an Initiate of Dithmengos.
             Killed by divine providence
             ... invoked by an orc priest
              (13 damage)
             ... on Level 3 of the Dungeon.
             The game lasted 00:02:32 (2881 turns).

Kae the Sneak (Spriggan Enchanter)                  Turns: 2881, Time: 00:02:32

HP  -2/21        AC  4     Str  5      XL: 4   Next: 33%
MP  14/14        EV 18     Int 16      God: Dithmengos [......]
Gold 187         SH  0     Dex 16      Spells:  2 memorised,  7 levels left

rFire  . . .     SeeInvis +     a - +1 dagger
rCold  . . .     Clarity  .     b - +1 robe
rNeg   . . .     Conserve .     (shield restricted)
rPois  .         rCorr    .     (helmet restricted)
rElec  .         rRot     .     m - +0 cloak
SustAb . .       Spirit   .     (gloves unavailable)
rMut   .         Warding  .     (boots unavailable)
Saprov . . .     Stasis   .     (no amulet)
MR     .....                    (no ring)
                                (no ring)

@: very quick, not resistant to hostile enchantments, quite stealthy
A: unfitting armour, see invisible, herbivore 3, speed 3, slow metabolism 2
a: Renounce Religion


You were on level 3 of the Dungeon.
You worshipped Dithmengos.
Dithmengos was noncommittal.
You were not hungry.

You visited 1 branch of the dungeon, and saw 3 of its levels.

You collected 187 gold pieces.

Inventory:

Hand weapons
 a - a +1,+1 dagger (weapon)
Missiles
 d - 12 darts (quivered)
Armour
 b - a +1 robe (worn)
 m - a +0 cloak (worn)
Magical devices
 q - a wand of hasting (4) {unknown}
Comestibles
 h - 3 bread rations
 r - a pear
 u - a choko
Scrolls
 f - 2 scrolls of remove curse {unknown}
 j - 4 scrolls of identify {unknown}
 k - a scroll of fog {unknown}
 l - 2 scrolls of magic mapping {unknown}
 n - a scroll of random uselessness {unknown}
 p - a scroll of curse jewellery {unknown}
 t - a scroll of fear {unknown}
 v - a scroll of teleportation {unknown}
Jewellery
 o - an uncursed amulet of clarity {unknown}
Potions
 e - a potion of porridge
 g - a potion of restore abilities {unknown}
 i - 3 potions of curing {unknown}
 s - a potion of heal wounds {unknown}
 w - a potion of cure mutation {unknown}
Books
 c - a book of Maledictions

   Spells                             Type                      Level
   *Corona                            Hexes                        1
   Sure Blade                         Hexes/Charms                 2
   *Ensorcelled Hibernation           Hexes/Ice                    2
   Confuse                            Hexes                        3
   Enslavement                        Hexes                        4
   Invisibility                       Hexes                        6


   Skills:
 * Level 2.7 Short Blades
 - Level 1.1 Throwing
 - Level 3.0 Dodging
 * Level 4.9 Stealth
 + Level 3.5 Spellcasting
 + Level 3.9 Hexes


You had 7 spell levels left.
You knew the following spells:

 Your Spells              Type           Power        Failure   Level  Hunger
a - Corona                Hex            ###....      4%          1    None
b - Ensorcelled Hibernat  Hex/Ice        #.....       14%         2    ##.....


Dungeon Overview and Level Annotations

Branches:
Dungeon (3/16)

Altars:
Cheibriados
Dithmengos
Elyvilon
Makhleb
Sif Muna
Zin
the Shining One


Innate Abilities, Weirdness & Mutations

You are tiny and cannot use many weapons and most armour.
You have supernaturally acute eyesight.
You are a herbivore.
You cover ground extremely quickly.
You need consume almost no food.


Message History

A giant cockroach is nearby!
You offer a prayer to Dithmengos.
Dithmengos is noncommittal.
A giant cockroach is nearby!
You offer a prayer to Dithmengos.
Dithmengos is noncommittal.
A giant cockroach is nearby!
A goblin comes into view. It is wielding a dagger.
An orc comes into view. It is wielding an orcish falchion.
The goblin shouts!
The orc shouts!
You hear a shout!
You hear a shout!
Found a stone staircase leading up.
An orc and 2 orc priests come into view.
The orc priest shouts!
The orc shouts!
The goblin hits you with a dagger.
A giant gecko comes into view.
You completely miss the goblin. The goblin hits you with a dagger.
The orc priest mumbles some strange prayers to Beogh against you.
Something smites you!
Ouch! That really hurt!
You die... #oo

#.#.. #.#.o ##.#ol
#<...# #...o# #....#
#..g.#
.###s..@###########
.....................
.#....#.###...#####
#....#.# #...##
#....#.# #...<#
####.#.# ##...#
####.#.####...###..
.....................
.###....#...#####..


You could see 2 orc priests, 3 orcs, a giant gecko, a giant cockroach and a
goblin.

Vanquished Creatures
  2 adders
  2 oozes
  8 orcs (D:3)
  7 giant cockroaches
  9 goblins
  4 hobgoblins
  4 jackals (D:3)
  5 bats
  2 giant geckos
  7 giant newts
  6 kobolds (D:1)
  5 rats
61 creatures vanquished.

Notes
Turn   | Place    | Note
--------------------------------------------------------------
     0 | D:1      | Kae, the Spriggan Enchanter, began the quest for the Orb.
     0 | D:1      | Reached XP level 1. HP: 9/9 MP: 4/4
   242 | D:1      | Reached XP level 2. HP: 13/13 MP: 7/7
   556 | D:1      | Learned a level 2 spell: Ensorcelled Hibernation
  1346 | D:2      | Reached XP level 3. HP: 16/16 MP: 11/11
  1528 | D:2      | Reached skill level 4 in Stealth
  1880 | D:2      | Found a deep blue altar of Sif Muna.
  2152 | D:2      | Found a snail-covered altar of Cheibriados.
  2158 | D:2      | Found a shadowy altar of Dithmengos.
  2158 | D:2      | Found a deep blue altar of Sif Muna.
  2159 | D:2      | Found a white marble altar of Elyvilon.
  2159 | D:2      | Found a burning altar of Makhleb.
  2161 | D:2      | Found a glowing golden altar of the Shining One.
  2163 | D:2      | Found a glowing silver altar of Zin.
  2183 | D:2      | Became a worshipper of Dithmengos
  2666 | D:3      | Reached XP level 4. HP: 21/21 MP: 13/13
  2881 | D:3      | Killed from afar by an orc priest

Action                   |  1- 3 |  4- 6 || total
-------------------------+-------+-------++-------
Melee: Dagger            |   187 |    54 ||   241
 Cast: Ensorcelled Hiber |     7 |     4 ||    11
 Stab: Sleeping          |    15 |     6 ||    21
       Distracted        |     1 |     2 ||     3
